 Dungeon Crawl Stone Soup version 0.30-a0-672-gc3a7216ad8 (webtiles) character file.

Game seed: 9832790906136018190

215 Darius099 the Trooper (level 5, 0/51 HPs)
             Began as a Gargoyle Fighter on Jan 18, 2023.
             Slain by MrSquiggles's ghost (6 damage)
             ... on level 3 of the Dungeon.
             The game lasted 00:04:47 (1919 turns).

Darius099 the Trooper (Gargoyle Fighter)            Turns: 1919, Time: 00:04:47

Health: 0/51       AC: 26    Str: 20    XL:     5   Next: 92%
Magic:  5/5        EV:  2    Int: 14    God:
Gold:   106        SH:  5    Dex: 11    Spells: 4/4 levels left

rFire   . . .      SeeInvis .    a - +0 flail
rCold   . . .      Faith    .    c - +0 buckler
rNeg    + . .      Spirit   .    (body armour currently unavailable)
rPois   ∞          Reflect  .    (helmet currently unavailable)
rElec   .          Harm     .    (cloak currently unavailable)
rCorr   .          Rampage  .    (gloves currently unavailable)
Will    .....      NoTele   +    (boots currently unavailable)
Stlth   +                        (no amulet)
HPRegen 0.28/turn                h - +6 ring of intelligence
MPRegen 0.09/turn                r - +4 ring of protection

@: brilliant, tree-form
A: stationary, stasis, torment immunity, boosted hp, sickness immunity, AC +4,
negative energy resistance 1, (electricity resistance), torment resistance 1,
petrification resistance
a: no special abilities


You were on level 3 of the Dungeon.
You were a tree.
You visited 1 branch of the dungeon, and saw 3 of its levels.

You collected 106 gold pieces.

Inventory:

Hand Weapons
 a - a +0 flail (weapon)
Armour
 b - a +0 scale mail (melded)
 c - a +0 buckler (worn)
 w - a +2 helmet (melded)
Jewellery
 h - a +6 ring of intelligence (left branch)
 r - a +4 ring of protection (right branch)
 C - a +6 ring of intelligence
Wands
 A - a wand of digging (8)
Scrolls
 e - a scroll of brand weapon {unknown}
 g - 4 scrolls of identify {unknown}
 j - a scroll of poison {unknown}
 k - a scroll of torment {unknown}
 m - a scroll of noise {unknown}
 n - 2 scrolls of vulnerability {unknown}
 o - 2 scrolls of enchant weapon {unknown}
 s - 2 scrolls of fear {unknown}
 t - a scroll of magic mapping {unknown}
 y - a scroll of fog {unknown}
 z - a scroll of teleportation {unknown}
Potions
 d - a potion of might
 f - a potion of ambrosia {unknown}
 l - a potion of degeneration {unknown}
 p - a potion of heal wounds {unknown}
 q - 4 potions of curing {unknown}
 v - a potion of invisibility {unknown}
 x - a potion of flight {unknown}
 B - 2 potions of haste {unknown}


   Skills:
 + Level 4.5 Fighting
 + Level 3.3 Maces & Flails
 + Level 4.5 Armour
 + Level 4.4 Shields


You had 4 spell levels left.
You didn't know any spells.
Your spell library was empty.

Dungeon Overview and Level Annotations

Branches:
Dungeon (3/15)

Altars:
Okawaru
Zin

Annotations:
D:3 MrSquiggles's ghost, amateur OpMo


Innate Abilities, Weirdness & Mutations

You are a tree.
Your roots penetrate the ground, keeping you stationary.
You cannot be teleported.
You are immune to unholy pain and torment.
Your maximum health is greatly increased.
Your equipment is partially melded.
You are immune to sickness and miasma.
((Your stone body is resilient. (AC +4)))
You are immune to poison.
You resist negative energy. (rN+)
((You are resistant to electric shocks. (rElec)))
You are resistant to unholy torment.
You are immune to petrification.


Message History

You barely miss the bullfrog.
The bullfrog is almost dead.
The bullfrog barely misses you.
The bullfrog hits you but does no damage.
You barely miss the bullfrog.
The bullfrog is almost dead.
The bullfrog misses you. The bullfrog closely misses you.
You sock the bullfrog!
You kill the bullfrog!
You closely miss MrSquiggles's ghost. MrSquiggles's ghost hits you!
MrSquiggles's ghost hits you but does no damage.
You hit MrSquiggles's ghost.
MrSquiggles's ghost is lightly damaged.
MrSquiggles's ghost closely misses you.
You closely miss MrSquiggles's ghost.
MrSquiggles's ghost is lightly damaged.
MrSquiggles's ghost hits you.
You hit MrSquiggles's ghost.
MrSquiggles's ghost is lightly damaged.
You block MrSquiggles's ghost's attack.
You closely miss MrSquiggles's ghost.
MrSquiggles's ghost is lightly damaged.
MrSquiggles's ghost hits you!
* * * LOW HITPOINT WARNING * * *
MrSquiggles's ghost hits you but does no damage.
It was a potion of brilliance.
You feel clever all of a sudden. MrSquiggles's ghost misses you.
It was a potion of lignification.
You turn into a tree.
Your +2 helmet melds into your body.
Your +0 scale mail melds into your body.
Your roots penetrate the ground.
MrSquiggles's ghost hits you but does no damage.
You miss MrSquiggles's ghost.
MrSquiggles's ghost is lightly damaged.
MrSquiggles's ghost hits you but does no damage.
You barely miss MrSquiggles's ghost.
MrSquiggles's ghost is lightly damaged.
MrSquiggles's ghost hits you.
You die...

#....._# ##.#####
###..#######.#
#.....#.....#
###..#######.# ####
#########_....# #.# #...
#.......###...# #.# #...
#.############### #.# #..#
#.# #......>†# #.###..#
#.# #..♣..##[# #......#
#.# #.#W#.##.# #.####.#
##.## #.#~####.# ##.## #.#
##...## #.#~##
#.###.#.###.# ##.....##
#.#~####....###.##.#
#.......# #.#~#......##
##.#.# #.....†.#
#.#[#######.###.##.#
#.......# #.#~# ##.#.###.#
##.....####.##########..##
#.#


You could see MrSquiggles's ghost.

Vanquished Creatures
  A bullfrog (D:3)
  Jessica (D:3)
  Terence (D:3)
  5 adders
  2 worms (D:2)
  A dart slug (D:1)
  An orc (D:3)
  4 ball pythons
  4 bats
  4 endoplasms
  2 giant cockroaches (D:3)
  2 goblins (D:3)
  5 hobgoblins
  2 jackals (D:1)
  2 quokkas
  2 frilled lizards
  5 kobolds
  3 rats
47 creatures vanquished.

Notes
Turn   | Place    | Note
-------+----------+-------------------------------------------
     0 | D:1      | Darius099 the Gargoyle Fighter began the quest for the Orb.
     0 | D:1      | Reached XP level 1. HP: 14/14 MP: 1/1
   184 | D:1      | Reached XP level 2. HP: 18/19 MP: 2/2
   665 | D:2      | Reached XP level 3. HP: 14/24 MP: 3/3
   966 | D:2      | Found a faded altar of an unknown god.
  1282 | D:3      | Reached XP level 4. HP: 29/29 MP: 4/4
  1555 | D:3      | Noticed Jessica
  1557 | D:3      | Noticed Terence
  1580 | D:3      | Killed Terence
  1583 | D:3      | Killed Jessica
  1584 | D:3      | Reached XP level 5. HP: 16/33 MP: 5/5
  1809 | D:3      | Found an iron altar of Okawaru.
  1814 | D:3      | Found a glowing silver altar of Zin.
  1888 | D:3      | Found a runed translucent door.
  1892 | D:3      | Noticed MrSquiggles's ghost (amateur OpMo)
  1919 | D:3      | Slain by MrSquiggles's ghost

Illustrated notes

Levels and vault maps discovered:
D:1:      psy_arrival_terrarium, layout_loops_ring
D:2:      layout_rooms, dreamdust_ecumenical_altar_statues
D:3:      layout_loops_ring, minitemple, ebering_ghost_sewer_d, uniq_terence,
          uniq_jessica

Skill      XL: |  1  2  3  4 |
---------------+-------------+-----
Fighting       | 4 |  4.5
Armour         | 4 |  4.5
Shields        | 4 |  4.4
Maces & Flails | 3 |  3.3

Action                   |  1- 3 |  4- 6 || total
-------------------------+-------+-------++-------
Melee: Flail             |    99 |   107 ||   206
  Use: Potion            |       |     2 ||     2
Armor: Scale mail        |    58 |    64 ||   122
       Skin              |       |     2 ||     2
Dodge: Dodged            |    54 |    44 ||    98
Block: Buckler           |    25 |    21 ||    46

Table legend: (Time is in decaauts)
 A = Elapsed time spent in this place.
 B = Non-inter-level travel time spent in this place.
 C = Inter-level travel time spent in this place.
 D = Time resting spent in this place.
 E = Time spent auto-exploring this place.
 F = Levels seen in this place.
 G = Mean time per level.
                   A        B        C        D        E       F      G
               +--------+--------+--------+--------+--------+-----+--------+
         Total |   1981 |   1903 |     78 |     65 |   1275 |   3 |  660.3 |
       Dungeon |   1981 |   1903 |     78 |     65 |   1275 |   3 |  660.3 |
               +--------+--------+--------+--------+--------+-----+--------+

Top non-repeatable levels by time:
     D:3: 792 daAuts
     D:1: 629 daAuts
     D:2: 559 daAuts
